 Dungeon Crawl Stone Soup version 0.26-a0-597-gb535b0901c (webtiles) character file.

Game seed: 127545548555785539

2814 Lanoc the Tainter (level 9, -3/68 HPs)
             Began as a Demonspawn Venom Mage on Sept 9, 2020.
             Was a Follower of Ru.
             Slain by an orc warrior
             ... wielding a +0 trident
              (14 damage)
             ... on level 9 of the Dungeon.
             The game lasted 00:13:18 (7637 turns).

Lanoc the Tainter (Demonspawn Venom Mage)           Turns: 7637, Time: 00:13:19

Health: -3/68      AC:  8    Str:  9    XL:     9   Next: 44%
Magic:  9/12       EV: 17    Int: 20    God:    Ru [*.....]
Gold:   243        SH:  0    Dex: 19    Spells: 1/12 levels left

rFire    . . .     SeeInvis .   e - +2 war axe (freeze)
rCold    + . .     Faith    .   (no shield)
rNeg     . . .     Spirit   .   a - +0 robe
rPois    .         Reflect  .   (helmet restricted)
rElec    .         Harm     .   r - +0 cloak
rCorr    .                      l - +0 pair of gloves
MR       .....                  (no boots)
Stlth    ++........             g - amulet of magic regeneration
HPRegen  0.21/turn              y - +6 ring of dexterity
MPRegen  0.38/turn              o - ring of wizardry

@: lightly drained
A: horns 1, iridescent scales 2, cold resistance 1, spiny 2, freezing cloud
immunity, hated by all
a: Renounce Religion


You were on level 9 of the Dungeon.
You worshipped Ru.
Ru was aware of your devotion.
You visited 2 branches of the dungeon, and saw 10 of its levels.

You collected 348 gold pieces.
You spent 105 gold pieces at shops.

Inventory:

Hand Weapons
 e - a +2 war axe of freezing (weapon)
Armour
 a - a +0 robe (worn)
 l - a +0 pair of gloves (worn)
 r - a +0 cloak (worn)
Jewellery
 g - an amulet of magic regeneration (around neck)
 o - a ring of wizardry (right hand)
 y - a +6 ring of dexterity (left hand)
Wands
 u - a wand of enslavement (10)
 v - a wand of disintegration (9)
 w - a wand of flame (42)
 x - a wand of digging (5)
 C - a wand of paralysis (5)
Scrolls
 c - 9 scrolls of identify
 f - 2 scrolls of amnesia {unknown}
 j - 5 scrolls of remove curse
 k - 4 scrolls of enchant armour {unknown}
 n - 4 scrolls of teleportation
 s - a scroll of enchant weapon
 A - 3 scrolls of vulnerability {unknown}
 B - a scroll of blinking
Potions
 b - a potion of mutation {unknown}
 d - 3 potions of magic
 h - 2 potions of might
 i - 3 potions of heal wounds
 m - 2 potions of haste
 p - 2 potions of flight
 q - 5 potions of curing
 t - a potion of invisibility
 z - a potion of stabbing {unknown}
 D - a potion of lignification {unknown}


   Skills:
 + Level 5.0(4.9) Fighting
 + Level 6.5(6.3) Dodging
 - Level 1.7(1.6) Stealth
 - Level 2.0(1.8) Spellcasting
 - Level 0.8(0.7) Transmutations
 * Level 10.2(10.0) Poison Magic


You had one spell level left.
You knew the following spells:

 Your Spells              Type           Power        Failure   Level
a - Sting                 Tmut/Pois      ###.         1%          1
b - Mephitic Cloud        Conj/Pois/Air  ###.....     4%          3
c - Ignite Poison         Fire/Tmut/Pois ###.....     4%          3
d - Olgreb's Toxic Radia  Pois           #####...     1%          4

Your spell library contained the following spells:

 Spells                   Type           Power        Failure   Level
 Apportation              Tloc           #.....       6%          1
 Corona                   Hex            #......      6%          1
 Pain                     Necr           #...         6%          1
 Sandblast                Erth           #.....       6%          1
 Poisonous Vapours        Pois/Air       ###...       1%          2
 Passwall                 Tmut/Erth      #.......     9%          2
 Stone Arrow              Conj/Erth      #.....       19%         3
 Vampiric Draining        Necr           #.........   19%         3
 Petrify                  Tmut/Erth      #.......     45%         4
 Agony                    Necr           #.......     85%         5
 Lee's Rapid Deconstruct  Erth           #.........   85%         5
 Animate Skeleton         Necr           Unusable     N/A         1
 Summon Small Mammal      Summ           Unusable     N/A         1
 Animate Dead             Necr           Unusable     N/A         4

Dungeon Overview and Level Annotations

Branches:
Dungeon (9/15)             Temple (1/1) D:7
   Lair: D:8-11         Orc: D:9-12

Altars:
Cheibriados
Dithmenos
Elyvilon
Fedhas
Gozag
Hepliaklqana
Kikubaaqudgha
Makhleb
Nemelex Xobeh
Okawaru
Qazlal
Ru
Sif Muna
Trog
Uskayaw
Vehumet
Wu Jian
Xom
Yredelemnul
Zin
The Shining One

Shops:
D:5 (   D:7 *   D:8 *

Annotations:
D:3 1 runed translucent door, p0werm0de's ghost, amateur MiFi


Innate Abilities, Weirdness & Mutations

You have a pair of small horns on your head.
You are mostly covered in iridescent scales. (AC +4)
Your flesh is cold resistant. (rC+)
You are mostly covered in sharp spines.
You are immune to freezing clouds.
You are hated by all.


Message History

The orc warrior is moderately wounded.
The orc warrior barely misses you.
Casting: Olgreb's Toxic Radiance (dangerous; 1% risk of failure)
Confirm with . or Enter, or press ? or * to list all spells.
You begin to radiate toxic energy.
The orc warrior looks even sicker.
The orc is poisoned.
The orc warrior looks even sicker.
The orc warrior completely misses you.
You hit the orc warrior. You freeze the orc warrior.
Your headbutt misses the orc warrior.
The orc warrior is severely wounded.
The orc warrior looks as sick as possible!
You kill the orc!
Your toxic aura wanes.
The orc warrior closely misses you. The orc warrior misses you.
You closely miss the orc warrior.
The orc warrior is severely wounded.
The orc warrior hits you with a +0 trident!!
* * * LOW HITPOINT WARNING * * *
The orc warrior hits you from afar with a +0 trident!
You die...

..........# #
..........#
############'###
#............#
#.############
#.#..........
#.#..#.......
#.#..#.......
#...@)o..))..
###..).)....#
#.....!....
#..........
###########


You could see an orc warrior (very poisoned).

Vanquished Creatures
  A hippogriff (D:8)
  Duvessa (D:6)
  A necrophage (D:4)
  3 orc warriors
  A phantom (D:7)
  2 ogres
  3 centaurs
  A bullfrog (D:7)
  A gnoll sergeant (D:6)
  4 scorpions
  Dowan (D:6)
  4 howler monkeys
  A centaur zombie (D:8)
  A hound (D:8)
  8 orc priests
  A centaur skeleton (D:7)
  2 iguanas
  5 worker ants
  8 orc wizards
  A hound skeleton (D:5)
  2 worker ant zombies
  15 gnolls
  9 adders
  A shadow imp (D:6)
  3 white imps
  2 ufetubi
  An ooze (D:2)
  An adder zombie (D:5)
  An adder skeleton (D:6)
  A worm (D:5)
  A dart slug (D:5)
  4 leopard geckos
  43 orcs
  4 giant cockroaches
  7 goblins
  A hobgoblin (D:2)
  7 jackals
  7 kobolds
  7 quokkas
  3 bats
  6 frilled lizards
  A giant cockroach zombie (D:6)
  A quokka skeleton (D:8)
  5 rats
183 creatures vanquished.

Notes
Turn   | Place    | Note
-------+----------+-------------------------------------------
     0 | D:1      | Lanoc the Demonspawn Venom Mage began the quest for the
                  | Orb.
     0 | D:1      | Reached XP level 1. HP: 13/13 MP: 3/3
   217 | D:1      | Gained mutation: Your flesh is cold resistant. (rC+)
                  | [demonic ancestry]
   217 | D:1      | Reached XP level 2. HP: 12/19 MP: 0/5
   709 | D:2      | Gained mutation: You are immune to freezing clouds.
                  | [demonic ancestry]
   709 | D:2      | Reached XP level 3. HP: 24/24 MP: 4/6
   807 | D:2      | Reached skill level 4 in Poison Magic
   932 | D:2      | Learned a level 3 spell: Mephitic Cloud
  1168 | D:3      | Found a shimmering altar of Xom.
  1705 | D:3      | Found a runed translucent door.
  1706 | D:3      | Noticed p0werm0de's ghost (amateur MiFi)
  1831 | D:4      | Gained mutation: You are partially covered in iridescent
                  | scales. (AC +2) [demonic ancestry]
  1831 | D:4      | Reached XP level 4. HP: 30/30 MP: 4/7
  2249 | D:4      | Reached skill level 5 in Poison Magic
  2249 | D:4      | Gained mutation: You are mostly covered in iridescent
                  | scales. (AC +4) [demonic ancestry]
  2249 | D:4      | Reached XP level 5. HP: 32/35 MP: 8/8
  2327 | D:4      | Learned a level 3 spell: Ignite Poison
  2457 | D:4      | Noticed an ogre
  2470 | D:4      | Killed an ogre
  2959 | D:4      | Gained mutation: You are partially covered in sharp spines.
                  | [demonic ancestry]
  2959 | D:4      | Reached XP level 6. HP: 39/41 MP: 7/9
  2967 | D:4      | Reached skill level 6 in Poison Magic
  3363 | D:5      | Entered Level 5 of the Dungeon
  3368 | D:5      | Reached XP level 7. HP: 42/45 MP: 10/10
  3443 | D:5      | Found Iniop's Weapon Shop.
  3453 | D:5      | Reached skill level 7 in Poison Magic
  3458 | D:5      | Reached skill level 1 in Fighting
  3785 | D:5      | Found a glowing silver altar of Zin.
  4638 | D:6      | Gained mutation: You are mostly covered in sharp spines.
                  | [demonic ancestry]
  4638 | D:6      | Reached XP level 8. HP: 36/55 MP: 5/11
  4678 | D:6      | Reached skill level 5 in Dodging
  4678 | D:6      | Reached skill level 8 in Poison Magic
  4876 | D:6      | Noticed Duvessa
  4876 | D:6      | Noticed Dowan
  4900 | D:6      | Killed Dowan
  4905 | D:6      | Killed Duvessa
  5283 | D:7      | Found Eganaym's Assorted Antiques.
  5604 | D:7      | Reached skill level 9 in Poison Magic
  5626 | D:7      | Learned a level 4 spell: Olgreb's Toxic Radiance
  5725 | D:7      | Found a staircase to the Ecumenical Temple.
  5731 | Temple   | Entered the Ecumenical Temple
  5954 | Temple   | Became a worshipper of Ru the Awakened
  6243 | D:8      | Noticed a two-headed ogre
  6575 | D:8      | Gained mutation: You have a pair of small horns on your
                  | head. [demonic ancestry]
  6575 | D:8      | Reached XP level 9. HP: 62/64 MP: 8/12
  6779 | D:8      | HP: 1/66 [orc priest/+0 morningstar (9)]
  6780 | D:8      | Reached skill level 10 in Poison Magic
  7253 | D:8      | Found Lethewk's General Store.
  7260 | D:8      | Bought a scroll of blinking for 105 gold pieces
  7546 | D:9      | Found an opulent altar of Gozag.
  7555 | D:9      | Gained mutation: You are hated by all. [Ru sacrifice]
  7555 | D:9      | Reached * piety under Ru
  7601 | D:9      | Reached skill level 5 in Fighting
  7637 | D:9      | Slain by an orc warrior

Illustrated notes

Levels and vault maps discovered:
D:1:      nicolae_arrival_memento_mori, layout_basic, minmay_unequal
D:2:      layout_basic, kennysheep_generic_room_10
D:3:      layout_loops_ring, gammafunk_ghost_grave, brannock_xom_greatest_gift
D:4:      layout_cave_pools, minmay_divided_ellipse
D:5:      layout_cave_pools, serial_shops, shop, basic_altar
D:6:      layout_basic, uniq_duvessa
D:7:      layout_basic, minmay_temple_entry_enclosed_plants, serial_shops,
          nicolae_shop_overgrown_old_shop, grunt_ministairs_3
D:8:      layout_rooms, serial_shops,
          nicolae_shop_temple_entry_statues_fountains,
          chequers_serial_rivers_micro_a
D:9:      layout_roguey, evilmike_ruin_ashenzari, erik_orc_1, serial_shops,
          nicolae_shop_stone, basic_altar
Temple:   roderic_octagonal_lattice_temple

Skill      XL: |  1  2  3  4  5  6  7  8  9 |
---------------+----------------------------+-----
Dodging        | 2 3 4 5 6 |  6.5
Poison Magic   | 4 5 6 7 9 10 | 10.2
Fighting       | 2 4 5 |  5.0
Stealth        | |  1.7
Spellcasting   | |  2.0
Transmutations | |  0.8

Action                   |  1- 3 |  4- 6 |  7- 9 || total
-------------------------+-------+-------+-------++-------
Melee: Unarmed           |    46 |       |       ||    46
       War axe           |     9 |    59 |   174 ||   242
       Headbutt          |       |       |     3 ||     3
 Cast: Sting             |    71 |    17 |    18 ||   106
       Mephitic Cloud    |     1 |       |    13 ||    14
       Ignite Poison     |       |       |     8 ||     8
       Olgreb's Toxic Ra |       |       |     8 ||     8
Invok: Sacrifice Love    |       |       |     1 ||     1
  Use: Potion            |     2 |       |     1 ||     3
       Scroll            |       |       |     8 ||     8
 Stab: Sleeping          |     1 |     4 |     2 ||     7
       Confused          |     1 |       |     5 ||     6
Armor: Robe              |    22 |    17 |    57 ||    96
Dodge: Dodged            |    75 |    69 |   190 ||   334

Table legend: (Time is in decaauts)
 A = Elapsed time spent in this place.
 B = Non-inter-level travel time spent in this place.
 C = Inter-level travel time spent in this place.
 D = Time resting spent in this place.
 E = Time spent auto-exploring this place.
 F = Levels seen in this place.
 G = Mean time per level.
                   A        B        C        D        E       F      G
               +--------+--------+--------+--------+--------+-----+--------+
         Total |   7763 |   7552 |    211 |    420 |   5847 |  10 |  776.3 |
       Dungeon |   7518 |   7327 |    191 |    420 |   5638 |   9 |  835.3 |
        Temple |    244 |    224 |     20 |      0 |    209 |   1 |  244.0 |
               +--------+--------+--------+--------+--------+-----+--------+

Top non-repeatable levels by time:
     D:4: 1355 daAuts
     D:8: 1280 daAuts
     D:3: 1120 daAuts
     D:5: 1038 daAuts
     D:6: 825 daAuts
     D:7: 810 daAuts
     D:2: 580 daAuts
     D:1: 348 daAuts
  Temple: 244 daAuts
     D:9: 159 daAuts
